 Dungeon Crawl Stone Soup version 0.18-a0-721-g8fc53f4 (webtiles) character file.

188 M4edhros the Sneak (level 5, -2/33 HPs)
             Began as an Octopode Artificer on Dec 8, 2015.
             Slain by an orc
             ... wielding a +0 short sword
              (5 damage)
             ... on level 4 of the Dungeon.
             The game lasted 00:02:59 (1341 turns).

M4edhros the Sneak (Octopode Artificer)             Turns: 1341, Time: 00:02:59

Health: -2/33      AC:  1    Str: 10    XL:     5   Next: 67%
Magic:  17/17      EV: 12    Int: 15    God:    Xom [...*..]
Gold:   98         SH:  0    Dex: 13    Spells: 0 memorised, 4 levels left

rFire  . . .     SeeInvis .     a - +0 short sword
rCold  . . .     Clarity  .     (no shield)
rNeg   . . .     SustAt   .     (helmet restricted)
rPois  .         Gourm    .     f - amulet of rage
rElec  .         Spirit   .     h - ring of wizardry
rCorr  .         Dismiss  .     n - ring of magical power
rMut   .         Stasis   .     r - ring of stealth
MR     .....                    (no ring)
Stlth  +++++.....               (no ring)
                                (no ring)
                                (no ring)
                                (no ring)

@: not resistant to hostile enchantments, quite stealthy
A: almost no armour, amphibious, 8 rings, constrict 8, camouflage 1, gelatinous
body 1
a: Renounce Religion, Evoke Berserk Rage


You were on level 4 of the Dungeon.
You worshipped Xom.
You were a favourite toy of Xom.
You were not hungry.

You visited 1 branch of the dungeon, and saw 4 of its levels.

You collected 98 gold pieces.

Inventory:

Hand Weapons
 a - a +0 short sword (weapon)
Missiles
 m - 12 stones (quivered)
 t - 13 sling bullets
Armour
 i - a +0 buckler
Jewellery
 f - an amulet of rage (around mantle)
 h - a ring of wizardry (left tentacle)
 n - a ring of magical power (right tentacle)
 r - a ring of stealth (on tentacle)
Wands
 b - a wand of flame (13)
 c - a wand of enslavement (13)
 d - a wand of random effects (6)
Scrolls
 g - a scroll of immolation {unknown}
 j - a scroll of blinking {unknown}
 k - a scroll of identify {unknown}
 l - a scroll of amnesia {unknown}
 o - 3 scrolls of remove curse {unknown}
 p - 2 scrolls of enchant armour {unknown}
 q - a scroll of noise {unknown}
Comestibles
 e - 2 bread rations


   Skills:
 - Level 1.0 Fighting
 - Level 1.0 Short Blades
 - Level 2.0 Dodging
 + Level 5.6 Stealth
 + Level 5.2 Evocations


You had 4 spell levels left.
You didn't know any spells.

Dungeon Overview and Level Annotations

Branches:
Dungeon (4/15)
 Temple: D:4-7

Altars:
Xom

Shops:
D:4 :%%%

Annotations:
D:3 Robin


Innate Abilities, Weirdness & Mutations

You cannot wear most types of armour.
You are amphibious.
You can wear up to eight rings at the same time.
You can use your tentacles to constrict eight enemies at once.
Your skin changes colour to match your surroundings (Stealth).
Your rubbery body absorbs attacks (AC +1).


Message History

The orc is moderately wounded.
You constrict the orc, but do no damage.
The orc misses you. The orc barely misses you.
All of the chunks of flesh in your inventory have rotted away.
You completely miss the orc.
The orc is lightly wounded.
You constrict the orc, but do no damage.
The orc barely misses you. The orc hits you with a short sword!
You hit the orc. Your grab misses the orc. Your squeeze misses the orc.
The orc is severely wounded.
You constrict the orc. The orc hits you.
* * * LOW HITPOINT WARNING * * *
The orc hits you but does no damage.
You closely miss the orc. You grab the orc.
The orc is severely wounded.
You constrict the orc, but do no damage.
You constrict the orc. The orc hits you.
* * * LOW HITPOINT WARNING * * *
The orc hits you with a short sword.
You die...

#.....∩..###.######
#.#.##.#####.#
#.#.##.####..###
#.#.##.<.......#
#.#.#######..#.####
#.#.# #..#.....
#.#.# #..######
######.#.# #..#
.%....o@.#######..#
######o#).........#
#.#########.## #.
#.# #. #.# #. #.#
#. ..? ## #.# .#


You could see 2 orcs.

Vanquished Creatures
  2 orc wizards (D:4)
  Jessica (D:2)
  2 gnolls (D:4)
  2 adders
  A worm (D:4)
  A giant gecko (D:4)
  3 orcs (D:4)
  2 giant cockroaches (D:4)
  5 goblins
  A hobgoblin (D:2)
  12 jackals
  3 giant newts
  5 kobolds
  3 rats (D:1)
43 creatures vanquished.

Vanquished Creatures (others)
  A giant frog skeleton (D:4)
  A gnoll (D:4)
2 creatures vanquished.

Grand Total: 45 creatures vanquished

Notes
Turn   | Place    | Note
--------------------------------------------------------------
     0 | D:1      | M4edhros the Octopode Artificer began the quest for the Orb.
     0 | D:1      | Reached XP level 1. HP: 13/13 MP: 3/3
   111 | D:1      | Reached XP level 2. HP: 12/18 MP: 4/4
   569 | D:2      | Reached XP level 3. HP: 10/23 MP: 5/5
   634 | D:2      | Found a shimmering altar of Xom.
   634 | D:2      | Found a shimmering altar of Xom.
   635 | D:2      | Found a shimmering altar of Xom.
   635 | D:2      | Found a shimmering altar of Xom.
   635 | D:2      | Found a shimmering altar of Xom.
   636 | D:2      | Found a shimmering altar of Xom.
   636 | D:2      | Found a shimmering altar of Xom.
   641 | D:2      | Became a worshipper of Xom of Bloodstained Whimsey
   668 | D:2      | Noticed Jessica
   674 | D:2      | Killed Jessica
   674 | D:2      | Reached skill level 4 in Stealth
   749 | D:2      | Reached XP level 4. HP: 14/28 MP: 7/7
   917 | D:2      | XOM: harmless Summ miscast
   930 | D:3      | XOM: harmless Ice miscast
   943 | D:3      | Noticed Robin
   976 | D:4      | XOM: harmless Air miscast
   999 | D:4      | XOM: enchant monster (good)
  1004 | D:4      | Reached skill level 5 in Stealth
  1004 | D:4      | Reached XP level 5. HP: 12/33 MP: 8/8
  1028 | D:4      | Reached skill level 5 in Evocations
  1039 | D:4      | Found Fudd's Food Shoppe.
  1065 | D:4      | Found Zusenoy's Food Shop.
  1098 | D:4      | XOM: smoke on damage
  1118 | D:4      | Found Piobufoo's Food Shop.
  1296 | D:4      | Found Pepoke's Book Shop.
  1341 | D:4      | Slain by an orc

Vault maps used:
D:1:      minmay_arrival_five_plusses
D:2:      xom_redecorated, grunt_pakellas_basics, uniq_jessica
D:3:      first_bread, kennysheep_generic_room_15, uniq_robin
D:4:      old_standard_altar, serial_shops, nicolae_shop_trees, shop,
          shop_statue, nicolae_shop_stone, shop, columned_hall_lemuel

Action                   |  1- 3 |  4- 6 || total
-------------------------+-------+-------++-------
Melee: Short sword       |    43 |    56 ||    99
Evoke: Wand              |     3 |    10 ||    13
  Use: Potion            |       |     2 ||     2
 Stab: Sleeping          |     2 |     3 ||     5
       Paralysed         |     1 |     1 ||     2
  Eat: Chunk             |       |     1 ||     1
